 Dungeon Sprint DCSS version 0.22.1-1-ga44c0e56f4 (webtiles) character file.

5555 MuseOD the Impaler (level 10, -5/93 HPs)
             Began as a Merfolk Berserker on Oct 5, 2018.
             Was an Elder of Trog.
             Slain by a flying skull (8 damage)
             ... in the Dungeon (Sprint II: "The Violet Keep of Menkaure").
             The game lasted 00:03:31 (831 turns).

MuseOD the Impaler (Merfolk Berserker)               Turns: 831, Time: 00:03:32

Health: -5/93      AC:  2    Str: 20    XL:     10   Next: 71%
Magic:  10/10      EV: 23    Int:  5    God:    Trog [****..]
Gold:   972        SH:  0    Dex: 14    Spells: 9/9 levels left

rFire    . . .     SeeInvis .   a - +0 spear
rCold    . . .     Gourm    .   (no shield)
rNeg     . . .     Faith    .   b - +0 animal skin
rPois    .         Spirit   .   (no helmet)
rElec    .         Reflect  .   (no cloak)
rCorr    .         Harm     .   (no gloves)
MR       .....     NoTele   +   (no boots)
Stlth    +.........             (no amulet)
HPRegen  0.25/turn              (no ring)
MPRegen  0.12/turn              (no ring)

@: confused, berserk cooldown, slowed, very slow
A: change form in water, swift swim, stealthy swim, dopey 1
a: Berserk, Trog's Hand, Brothers in Arms, Renounce Religion


You were in the Dungeon.
You worshipped Trog.
Trog was greatly pleased with you.
You were near starving.

You visited 1 branch You collected 972 gold pieces.

Inventory:

Hand Weapons
 a - a +0 spear (weapon)
Armour
 b - a +0 animal skin (worn)
Scrolls
 i - a scroll of blinking
Potions
 g - 2 potions of magic
 h - a potion of berserk rage
Comestibles
 c - a ration


   Skills:
 + Level 13.7 Fighting
 + Level 17.2 Polearms
 + Level 9.9 Armour
 + Level 15.7 Dodging


You had 9 spell levels left.
You didn't know any spells.
Your spell library was empty.

Dungeon Overview and Level Annotations

Branches:
Dungeon (1/1)

Altars:

Shops:
D [%:*==}[!?(!:[?

Annotations:
D Roxanne


Innate Abilities, Weirdness & Mutations

You revert to your normal form in water.
You are very nimble and swift while swimming.
You are very stealthy in the water. (Stealth+)
You are dopey. (Int -2)


Message History

The frost giant is empowered by the deep elf high priest's aura!
The deep elf high priest starts to sing a prayer.
The cacodemon gestures next to the golden dragon.
Some rock shatters into small pieces.
You bump into the rock wall.
The flying skull barely misses you. The flying skull misses you.
The golden dragon is engulfed in dark miasma.
The golden dragon seems to slow down.
The golden dragon dies!
Your Polearms skill increases to level 17!
Your Dodging skill increases to level 15!
The flying skull hits you.
* * * LOW HITPOINT WARNING * * *
The flying skull barely misses you.
The deep elf high priest is engulfed in dark miasma.
The deep elf high priest looks as sick as possible!
Unknown command.
You bump into the rock wall.
The frost giant seems less brilliant.
The flying skull hits you!
You die...

##§§§..§§§§## ###
+§§§..≈§..§§#
.##...####§§§..z.§§
...$..C)≈##§§z§§§
########)≈#§§z#+++##
#######≈≈≈CCez.....#
...∩.∩#≈≈≈zD#zz##..#
..∩.∩.#≈≈≈≈##zzz##.####
.∩.∩..#≈≈≈≈#..z2@#....#
∩.∩...#≈≈####....###..##
.∩....#≈##. ##'##..##..#
∩.∩...#≈#..###.##...#..#
.∩.∩..+≈'##.'.<.'.#.+..###
..∩.∩.#≈#..###.##..##....###.
▓▓▓▓###≈##.# #'###.##......§≈
D######≈≈#####..####≈≈.....§#
h# ##≈≈≈#.##..#≈≈≈≈≈≈≈..§#


You could see a frost giant, a cacodemon, a deep elf high priest and 9 flying
skulls.

Vanquished Creatures
  A centaur warrior (D)
  An elephant (D)
  2 redbacks (D)
  A vampire mosquito (D)
  4 neqoxecs (D)
  4 necrophages (D)
  A crocodile (D)
  4 worker ants (D)
  3 worms (D)
21 creatures vanquished.

Vanquished Creatures (collateral kills)
  Kirke (D)
  A yaktaur captain (D)
  A skeletal warrior (D)
  A kobold demonologist (D)
4 creatures vanquished.

Vanquished Creatures (others)
  A golden dragon (D)
  Menkaure (D)
  A crocodile (D)
3 creatures vanquished.

Grand Total: 28 creatures vanquished

Notes
Turn   | Place    | Note
-------+----------+-------------------------------------------
     0 | D        | MuseOD the Merfolk Berserker began the quest for the Orb.
     0 | D        | Reached XP level 1. HP: 18/18 MP: 1/1
     1 | D        | Noticed a neqoxec
     1 | D        | Noticed a neqoxec
     1 | D        | Noticed a neqoxec
     1 | D        | Noticed a neqoxec
     8 | D        | Killed a neqoxec
     8 | D        | Reached skill level 8 in Polearms
     8 | D        | Reached XP level 2. HP: 28/28 MP: 2/2
     8 | D        | Reached XP level 3. HP: 34/34 MP: 3/3
     8 | D        | Reached XP level 4. HP: 40/40 MP: 4/4
     8 | D        | Reached XP level 5. HP: 46/46 MP: 5/5
    15 | D        | Gained mutation: You are dopey. (Int -2) [a neqoxec]
    17 | D        | Killed a neqoxec
    17 | D        | Reached ** piety under Trog
    17 | D        | Reached skill level 9 in Polearms
    17 | D        | Reached XP level 6. HP: 55/55 MP: 6/6
    24 | D        | Killed a neqoxec
    24 | D        | Reached skill level 10 in Polearms
    24 | D        | Reached skill level 5 in Armour
    29 | D        | Killed Menkaure
    31 | D        | Killed a neqoxec
    31 | D        | Reached skill level 11 in Polearms
    31 | D        | Reached skill level 10 in Dodging
    31 | D        | Reached XP level 7. HP: 63/63 MP: 7/7
   186 | D        | Reached *** piety under Trog
   242 | D        | Reached skill level 12 in Polearms
   248 | D        | Reached **** piety under Trog
   254 | D        | Reached XP level 8. HP: 72/72 MP: 8/8
   258 | D        | Reached skill level 10 in Fighting
   296 | D        | Reached ***** piety under Trog
   305 | D        | Noticed Roxanne
   322 | D        | Found Koucumy's Antique Armour Emporium.
   323 | D        | Found Pygegutoz's Distillery.
   324 | D        | Found Qihupiu's Distillery.
   324 | D        | Found Ygyunwih's Antique Armour Emporium.
   324 | D        | Found Darivvap's Gadget Shoppe.
   346 | D        | Reached skill level 13 in Polearms
   347 | D        | Found Aplomoih's Jewellery Emporium.
   347 | D        | Found Muetaic's Assorted Antiques.
   348 | D        | Found Fedom's Antique Weapon Shoppe.
   348 | D        | Found Bech's Book Emporium.
   349 | D        | Found Viastroy's Food Shoppe.
   349 | D        | Found Cenell's Antique Armour Emporium.
   349 | D        | Found Kiasoar's Book Shoppe.
   349 | D        | Found Bishi's Jewellery Emporium.
   350 | D        | Found Zouw's Magic Scroll Shoppe.
   350 | D        | Found Ovion's Magic Scroll Emporium.
   354 | D        | Noticed an ice dragon
   434 | D        | Noticed a kobold demonologist
   434 | D        | Noticed an elephant
   434 | D        | Noticed a skeletal warrior
   435 | D        | Noticed a centaur warrior
   435 | D        | Noticed Kirke
   435 | D        | Noticed a yaktaur captain
   436 | D        | Noticed a soul eater
   440 | D        | Killed a skeletal warrior
   443 | D        | Killed Kirke
   443 | D        | Reached skill level 14 in Polearms
   443 | D        | Reached XP level 9. HP: 59/82 MP: 9/9
   454 | D        | Killed a centaur warrior
   454 | D        | Reached skill level 15 in Polearms
   457 | D        | Noticed a red devil
   461 | D        | Killed an elephant
   472 | D        | Killed a yaktaur captain
   472 | D        | Reached skill level 16 in Polearms
   472 | D        | Reached XP level 10. HP: 52/91 MP: 10/10
   478 | D        | Killed a kobold demonologist
   790 | D        | Noticed a golden dragon
   790 | D        | Noticed a storm dragon
   791 | D        | Noticed a deep elf high priest
   791 | D        | Noticed a cacodemon
   807 | D        | Noticed a frost giant
   826 | D        | HP: 4/92 [flying skull (10)]
   830 | D        | Killed a golden dragon
   830 | D        | Reached skill level 17 in Polearms
   830 | D        | Reached skill level 15 in Dodging
   831 | D        | Slain by a flying skull

Skill      XL: |  1  2  3  4  5  6  7  8  9 10 |
---------------+-------------------------------+-----
Fighting       | 6 7 8 9 11 12 13 | 13.7
Polearms       | 8 9 11 12 14 16 17 | 17.2
Armour         | 3 4 5 6 8 9 |  9.9
Dodging        | 6 8 10 11 13 14 15 | 15.7

Action                   |  1- 3 |  4- 6 |  7- 9 | 10-12 || total
-------------------------+-------+-------+-------+-------++-------
Melee: Spear             |     6 |    23 |    91 |    47 ||   167
       Tailslap          |       |       |     3 |     3 ||     6
Invok: Berserk           |     1 |       |     4 |     1 ||     6
       Brothers in Arms  |       |       |     3 |     2 ||     5
  Use: Potion            |       |       |     1 |     2 ||     3
  Eat: Chunk             |       |       |     2 |     3 ||     5
Armor: Animal skin       |       |       |     2 |     1 ||     3
Dodge: Dodged            |     2 |     2 |    28 |    37 ||    69
